 Dungeon Crawl Stone Soup version 0.27.0-66-gdc8fb28755 (webtiles) character file.

Game seed: 7173589189950064288

1 Spectrina the Sneak (level 1, -1/13 HPs)
             Began as a Vampire Delver on Aug 20, 2021.
             Slain by an orc (4 damage)
             ... on level 4 of the Dungeon.
             The game lasted 00:01:23 (112 turns).

Spectrina the Sneak (Vampire Delver)                 Turns: 112, Time: 00:01:23

Health: -1/13      AC:  3    Str: 11    XL:     1   Next: 16%
Magic:  1/1        EV: 12    Int: 12    God:
Gold:   31         SH:  0    Dex: 15    Spells: 0/0 levels left

rFire    . . .     SeeInvis +   a - +0 short sword
rCold    + + .     Faith    .   (no shield)
rNeg     + + +     Spirit   .   b - +0 leather armour
rPois    ∞         Reflect  .   (no helmet)
rElec    .         Harm     .   (no cloak)
rCorr    .         Rampage  .   (no gloves)
Will     .....                  (no boots)
Stlth    +++++.....             (no amulet)
HPRegen  0.00/turn              (no ring)
MPRegen  0.07/turn              (no ring)

@: bloodless, inhibited regen
A: bloodless, fangs 3, see invisible, vampiric 1
a: Revivify


You were on level 4 of the Dungeon.
You visited 1 branch of the dungeon, and saw 3 of its levels.

You collected 31 gold pieces.

Inventory:

Hand Weapons
 a - a +0 short sword (weapon)
 i - a +0 hunting sling
 j - a +0 hunting sling
Armour
 b - a +0 leather armour (worn)
 k - a +0 plate armour
 n - a +0 helmet
Wands
 g - a wand of digging (3)
 m - a wand of flame (23)
Scrolls
 c - a scroll of fog
 d - a scroll of magic mapping
 e - a scroll of fear
 h - a scroll of vulnerability {unknown}
Potions
 f - a potion of haste
 l - 2 potions of cancellation {unknown}


   Skills:
 - Level 2.6 Fighting
 - Level 2.1 Short Blades
 - Level 2.1 Dodging
 + Level 7.3 Stealth


You couldn't memorise any spells.
You didn't know any spells.
Your spell library was empty.

Dungeon Overview and Level Annotations

Branches:
Dungeon (6/15)
 Temple: D:4-7

Altars:

Annotations:
D:4 Dowan


Innate Abilities, Weirdness & Mutations

You do not regenerate when monsters are visible.
You are frail without blood (-20% HP).
You can heal yourself when you bite living creatures.
You are immune to poison.
You have razor-sharp teeth.
You have supernaturally acute eyesight. (SInv)
You are afflicted with vampirism.


Message History

You hear the sound of rushing water.
There is an entrance to a sewer on this level.
Hurry and find it before the portal rusts away!
A goblin and an orc come into view.
There is a stone staircase leading down here.
Unknown command.
The goblin shouts!
You hear a shout! x2
Dowan, Brother of Duvessa comes into view.
He is wielding a +0 dagger.
The goblin hits you but does no damage.
There is a stone staircase leading down here.
Found a long iron wand.
Unknown command.
The orc barely misses you.
Found a helmet.
You see here a wand of flame (23).
m - a wand of flame (23)
The orc misses you.
Found 13 gold pieces and 26 stones.
An endoplasm comes into view.
Found a flail.
The goblin hits you with a +0 club.
Found a glowing morningstar.
You see here a +0 helmet.
n - a +0 helmet The endoplasm quivers.
The goblin hits you with a +0 club.
Found a short sword.
You hit the endoplasm but do no damage. The endoplasm barely misses you.
You hit the endoplasm.
You kill the endoplasm!
The goblin hits you with a +0 club. The orc hits you with a +0 club.
* * * LOW HITPOINT WARNING * * *
Unknown command.
The goblin closely misses you.
You see here 13 gold pieces.
You now have 31 gold pieces (gained 13).
The orc barely misses you. The goblin hits you but does no damage.
You hit the goblin.
The goblin is almost dead.
The orc hits you with a +0 club.
You die...

#....# .#
#....# #.#
#....####..#
#..........#
#..........#
###........# #
#........#.#
#....og....#
#.....@.(###
#.)...........
########...)).
...... ......
...... #####


You could see an orc and a goblin.

Vanquished Creatures
  An endoplasm (D:4)
1 creature vanquished.

Notes
Turn   | Place    | Note
-------+----------+-------------------------------------------
     0 | D:5      | Spectrina the Vampire Delver began the quest for the Orb.
     0 | D:5      | Reached XP level 1. HP: 17/17 MP: 1/1
    64 | D:5      | Noticed an ogre
    90 | D:4      | Noticed Dowan
   112 | D:4      | Slain by an orc

Illustrated notes

Levels and vault maps discovered:
D:4:      layout_basic, serial_shops, shop, gup_sewer_entry_spiral, uniq_duvessa
D:5:      layout_loops_ring, uniq_pikel
D:6:      layout_basic, minmay_temple_entry_glassed_door,
          kennysheep_generic_room_4

Action                   || total
-------------------------++-------
Melee: Short sword       ||     3
 Abil: Exsanguinate      ||     1
Armor: Leather armour    ||     2
Dodge: Dodged            ||     5
